Sharks vs Kings

Created - September-22-14 at 17:00

Simulating a Pre-Season

Goals
1 2 3 T
Sharks 1 1 0 2
Kings 1 1 2 4
Shots
1 2 3 T
Sharks 13 11 10 34
Kings 7 11 8 26

1st period

1. Kings , Brian Gionta 1 (Dustin Penner) at 15:37
2. Sharks , Tyler Bozak 1 (Kyle Turris, Matt Niskanen) at 17:33

Penalties :
Tyler Myers (LOS) for Hooking (Minor) at 1:45, Deryk Engelland (LOS) for Interference (Minor) at 3:46

2nd period

3. Sharks , Tyler Bozak 2 (Kyle Turris, Drew Stafford) at 10:22
4. Kings , Ryan Nugent-Hopkins 2 (Mike Richards, Sean Monahan) at 17:33 (PP)

Penalties :
Dustin Penner (LOS) for Interference (Minor) at 2:49, Andrew Shaw (SJS) for Hooking (Minor) at 14:11, Chris Butler (SJS) for Hooking (Minor) at 16:42, Robyn Regehr (LOS) for High sticking (Minor) at 18:44

3rd period

5. Kings , Mikael Granlund 1 (Dustin Penner, Deryk Engelland) at 2:08
6. Kings , Ryan Nugent-Hopkins 3 (Tobias Enstrom, Kris Letang) at 2:59 (PP)

Penalties :
Cory Sarich (SJS) for Hooking (Minor) at 2:39, Kris Letang (LOS) for Roughing (Minor) at 7:39, Vyacheslav Voynov (SJS) for Interference (Minor) at 11:04, Brett Bellemore (SJS) for Holding (Minor) at 15:11, Robyn Regehr (LOS) for Holding Stick (Minor) at 18:38

Goalie Stats

Jonas Hiller (SJS), 22 saves from 26 shots - (0.846), L, 0-1-0, 60:00 minutes
Steve Mason (LOS), 32 saves from 34 shots - (0.941), W, 1-0-1, 60:00 minutes

Players Stats for Sharks

Player Name              G  A  P  +/- PIM S  H  SB GA TA FO     MP     PP MP  PK MP  
------------------------------------------------------------------------------------
Andrew Shaw              0  0  0   0  2   1  0  0  0  0  5/10   12:17   4:37   0:29 
Brett Bellemore          0  0  0  -2  2   1  4  1  0  0  0/0    13:27   0:13   1:40 
Chris Butler             0  0  0   0  2   1  0  2  0  0  0/0    11:06   0:00   0:00 
Cory Sarich              0  0  0  -2  2   1  1  2  0  0  0/0    20:03   5:02   3:27 
David Savard             0  0  0   0  0   0  1  0  0  0  0/0     5:38   0:00   0:53 
Drew Stafford            0  1  1   2  0   4  2  1  0  0  1/2    27:10   6:39   4:58 
Jannik Hansen            0  0  0  -1  0   0  0  0  0  0  0/1    16:32   0:00   0:00 
Kyle Quincey             0  0  0   0  0   0  0  1  0  0  0/0    14:01   5:02   0:00 
Kyle Turris              0  2  2   2  0   8  2  0  0  0  1/2    24:17   6:39   2:05 
Martin Havlat            0  0  0  -1  0   0  0  0  0  0  0/1    10:21   0:00   0:00 
Matt Beleskey            0  0  0  -1  0   2  6  0  0  0  12/22  20:24   4:37   0:05 
Matt Niskanen            0  1  1   2  0   1  2  0  0  0  0/0    26:41   6:14   4:10 
Michael Kostka           0  0  0   0  0   0  0  0  0  0  0/0     0:05   0:00   0:05 
Rich Peverley            0  0  0  -1  0   2  0  0  0  0  12/14  16:00   4:24   2:05 
Rob Klinkhammer          0  0  0  -1  0   3  0  0  0  0  0/0    16:32   0:00   0:00 
Robert Bortuzzo          0  0  0   0  0   0  1  1  0  0  0/0     4:01   0:00   1:24 
Tyler Bozak              2  0  2   1  0   5  4  0  0  0  21/36  29:05   6:39   4:34 
Vyacheslav Voynov        0  0  0   2  2   5  0  3  0  0  0/0    25:07   6:14   2:37 

Players Stats for Kings

Player Name              G  A  P  +/- PIM S  H  SB GA TA FO     MP     PP MP  PK MP  
------------------------------------------------------------------------------------
Brian Gionta             1  0  1   2  0   1  1  0  0  0  0/1    18:55   0:00   7:02 
Brock Nelson             0  0  0  -1  0   0  0  0  0  0  0/0     4:15   0:00   0:00 
Deryk Engelland          0  1  1   1  2   0  1  1  0  0  0/0    12:50   0:00   2:28 
Dustin Penner            0  2  2   2  2   1  1  1  0  0  0/0    15:14   3:22   0:00 
J.T. Brown               0  0  0  -1  0   3  1  0  0  0  0/0     4:15   0:00   0:00 
Jamie McBain             0  0  0   1  0   1  0  0  0  0  0/0    12:42   1:59   0:20 
Kris Letang              0  1  1  -1  2   2  4  3  0  0  0/0    26:25   5:09   5:36 
Michal Handzus           0  0  0  -1  0   0  0  0  0  0  6/15   11:30   0:00   7:15 
Mikael Granlund          1  0  1   2  0   2  0  0  0  0  14/27  15:15   3:22   0:00 
Mike Richards            0  1  1  -1  0   3  3  0  0  0  1/3    21:06   3:46   0:00 
Mikhail Grabovski        0  0  0   0  0   1  0  0  0  0  7/13   11:37   0:00   3:29 
Rene Bourque             0  0  0   0  0   0  1  0  0  0  0/1    12:15   3:22   0:45 
Robyn Regehr             0  0  0   0  4   0  4  2  0  0  0/0    18:17   0:00   2:47 
Ryan Nugent-Hopkins      2  0  2  -1  0   5  3  0  0  0  5/24   24:35   3:46   3:29 
Ryan Smyth               0  0  0   0  0   1  0  0  0  0  1/1     8:40   0:00   0:32 
Sean Monahan             0  1  1  -1  0   2  2  0  0  0  2/3    21:06   3:46   0:00 
Tobias Enstrom           0  1  1  -1  0   2  0  2  0  0  0/0    27:16   4:36   6:59 
Tyler Myers              0  0  0   0  2   2  1  4  0  0  0/0    22:25   2:32   4:22 

3 Stars

1 - Tyler Bozak (SJS)
2 - Ryan Nugent-Hopkins (LOS)
3 - Kyle Turris (SJS)

Power Play

Sharks - 0 on 6 Attempt(s) - 0.00%
Kings - 2 on 5 Attempt(s) - 40.00%

Penalty Kill

Sharks - 3 on 5 Attempt(s) - 60.00% - Score 0 goal in Penalty Kill
Kings - 6 on 6 Attempt(s) - 100.00% - Score 0 goal in Penalty Kill

Official

Referees : Tim Peel and Mark Lemelin
Linesman : Kiel Murchison and Jonny Murray

Game Notes

Robert Bortuzzo is injured at 17:21 of 2nd period (Strained Right Elbow)

% Time on Ice - Sharks

Lines # - Real PCT - Wanted PCT - Time Play
Normal Forward
1 - 25% - 33% - 10:12
2 - 40% - 30% - 16:32
3 - 23% - 20% - 9:31
4 - 13% - 17% - 5:21
Normal Defense
1 - 39% - 45% - 16:17
2 - 28% - 35% - 11:35
3 - 22% - 20% - 8:59
4 - 11% - 0% - 4:45
PP Forward
1 - 59% - 60% - 6:39
2 - 41% - 40% - 4:37
PP Defense
1 - 55% - 60% - 6:14
2 - 45% - 40% - 5:02
PK Forward
1 - 71% - 60% - 5:03
2 - 29% - 40% - 2:05
PK Defense
1 - 49% - 60% - 3:31
2 - 51% - 40% - 3:37
PK3 Forward
1 - 0% - 60%
2 - 0% - 40%
PK3 Defense
1 - 0% - 60%
2 - 0% - 40%
44 Forward
1 - 0% - 60%
2 - 0% - 40%
44 Defense
1 - 0% - 60%
2 - 0% - 40%
Last Minute Offensive  - 0:00
Last Minute Defensive  - 0:00
Total
Forward - 60:00
Defense - 60:00

% Time on Ice - Kings

Lines # - Real PCT - Wanted PCT - Time Play
Normal Forward
1 - 42% - 40% - 17:20
2 - 29% - 30% - 11:53
3 - 20% - 20% - 8:08
4 - 10% - 10% - 4:15
Normal Defense
1 - 34% - 40% - 14:18
2 - 37% - 30% - 15:32
3 - 25% - 20% - 10:23
4 - 3% - 10% - 1:23
PP Forward
1 - 53% - 60% - 3:46
2 - 47% - 40% - 3:22
PP Defense
1 - 64% - 60% - 4:36
2 - 36% - 40% - 2:32
PK Forward
1 - 69% - 60% - 7:47
2 - 31% - 40% - 3:29
PK Defense
1 - 62% - 60% - 6:59
2 - 38% - 40% - 4:17
PK3 Forward
1 - 0% - 60%
2 - 0% - 40%
PK3 Defense
1 - 0% - 60%
2 - 0% - 40%
44 Forward
1 - 0% - 60%
2 - 0% - 40%
44 Defense
1 - 0% - 60%
2 - 0% - 40%
Last Minute Offensive  - 0:00
Last Minute Defensive  - 0:00
Total
Forward - 60:00
Defense - 60:00

Play by Play

1st period


0:01 of 1st period - Tyler Bozak wins face-off versus Mike Richards in neutral zone.
0:17 of 1st period - Shot by Tobias Enstrom.
0:17 of 1st period - Shot Misses the Net.
0:19 of 1st period - Shot by Kris Letang.
0:19 of 1st period - Shot Blocked by Vyacheslav Voynov.
0:21 of 1st period - Shot by Ryan Nugent-Hopkins.
0:21 of 1st period - Shot Blocked by Vyacheslav Voynov.
0:32 of 1st period - Icing by Matt Niskanen.
0:33 of 1st period - Mikael Granlund wins face-off versus Kyle Turris in Sharks zone.
0:37 of 1st period - Dustin Penner is hit by Matt Niskanen and loses puck.
0:48 of 1st period - Shot by Tyler Bozak.
0:48 of 1st period - Shot Misses the Net.
1:09 of 1st period - Robyn Regehr is hit by Matt Beleskey.
1:22 of 1st period - Shot by Brett Bellemore.
1:22 of 1st period - Shot Blocked by Tyler Myers.
1:45 of 1st period - Minor Penalty to Tyler Myers for Hooking.
1:46 of 1st period - Michal Handzus wins face-off versus Matt Beleskey in Kings zone.
2:07 of 1st period - Shot by Andrew Shaw.
2:07 of 1st period - Stopped by Steve Mason without a rebound.
2:08 of 1st period - Michal Handzus wins face-off versus Tyler Bozak in Kings zone.
2:31 of 1st period - Shot by Kyle Turris.
2:31 of 1st period - Stopped by Steve Mason with a rebound.
2:35 of 1st period - Shot by Tyler Bozak.
2:35 of 1st period - Shot Misses the Net.
2:37 of 1st period - Shot by Drew Stafford.
2:37 of 1st period - Stopped by Steve Mason without a rebound.
2:38 of 1st period - Rich Peverley wins face-off versus Mikhail Grabovski in Kings zone.
2:39 of 1st period - Shot by Matt Niskanen.
2:39 of 1st period - Shot Blocked by Robyn Regehr.
2:41 of 1st period - Shot by Andrew Shaw.
2:41 of 1st period - Shot Blocked by Robyn Regehr.
2:43 of 1st period - Shot by Vyacheslav Voynov.
2:43 of 1st period - Stopped by Steve Mason without a rebound.
2:44 of 1st period - Mikhail Grabovski wins face-off versus Tyler Bozak in Kings zone.
3:07 of 1st period - Icing by Tyler Bozak.
3:08 of 1st period - Michal Handzus wins face-off versus Tyler Bozak in Sharks zone.
3:21 of 1st period - Shot by Drew Stafford.
3:21 of 1st period - Stopped by Steve Mason without a rebound.
3:22 of 1st period - Rich Peverley wins face-off versus Mikhail Grabovski in Kings zone.
3:46 of 1st period - Minor Penalty to Deryk Engelland for Interference.
3:47 of 1st period - Tyler Bozak wins face-off versus Brian Gionta in Kings zone.
3:50 of 1st period - Shot by Drew Stafford.
3:50 of 1st period - Shot Blocked by Tyler Myers.
5:14 of 1st period - Shot by Matt Beleskey.
5:14 of 1st period - Stopped by Steve Mason without a rebound.
5:15 of 1st period - Tyler Bozak wins face-off versus Michal Handzus in Kings zone.
5:44 of 1st period - Shot by Drew Stafford.
5:44 of 1st period - Shot Misses the Net.
5:46 of 1st period - Shot by Tyler Bozak.
5:46 of 1st period - Shot Hit the Post.
6:45 of 1st period - Icing by Jannik Hansen.
6:46 of 1st period - Matt Beleskey wins face-off versus Mikhail Grabovski in Sharks zone.
7:21 of 1st period - Shot by Rich Peverley.
7:21 of 1st period - Stopped by Steve Mason without a rebound.
7:22 of 1st period - Andrew Shaw wins face-off versus Mikael Granlund in Kings zone.
7:27 of 1st period - Shot by Kyle Turris.
7:27 of 1st period - Stopped by Steve Mason without a rebound.
7:28 of 1st period - Mikael Granlund wins face-off versus Andrew Shaw in Kings zone.
7:39 of 1st period - Shot by Drew Stafford.
7:39 of 1st period - Shot Misses the Net.
7:51 of 1st period - Shot by Mikael Granlund.
7:51 of 1st period - Shot Misses the Net.
8:24 of 1st period - Robyn Regehr is hit by Drew Stafford and loses puck.
8:40 of 1st period - Vyacheslav Voynov is hit by Robyn Regehr.
9:16 of 1st period - Sean Monahan is hit by Brett Bellemore and loses puck.
9:31 of 1st period - Kris Letang is hit by Tyler Bozak and loses puck.
9:48 of 1st period - Icing by Mike Richards.
9:49 of 1st period - Ryan Nugent-Hopkins wins face-off versus Matt Beleskey in Kings zone.
9:49 of 1st period - Ryan Nugent-Hopkins is hit by Matt Beleskey.
9:52 of 1st period - Icing by Mike Richards.
9:53 of 1st period - Matt Beleskey wins face-off versus Ryan Nugent-Hopkins in Kings zone.
10:04 of 1st period - Icing by Kris Letang.
10:05 of 1st period - Sean Monahan wins face-off versus Matt Beleskey in Kings zone.
10:36 of 1st period - Shot by Ryan Smyth.
10:36 of 1st period - Stopped by Jonas Hiller without a rebound.
10:37 of 1st period - Tyler Bozak wins face-off versus Michal Handzus in Sharks zone.
10:37 of 1st period - Tyler Bozak is hit by J.T. Brown.
10:47 of 1st period - Shot by J.T. Brown.
10:47 of 1st period - Stopped by Jonas Hiller with a rebound.
11:20 of 1st period - Icing by Vyacheslav Voynov.
11:21 of 1st period - Mikhail Grabovski wins face-off versus Tyler Bozak in Sharks zone.
11:30 of 1st period - Mikhail Grabovski is hit by Drew Stafford and loses puck.
11:36 of 1st period - Icing by Kris Letang.
11:37 of 1st period - Matt Beleskey wins face-off versus Mikhail Grabovski in Kings zone.
12:00 of 1st period - Shot by Kris Letang.
12:00 of 1st period - Shot Misses the Net.
12:06 of 1st period - Shot by Ryan Smyth.
12:06 of 1st period - Shot Misses the Net.
12:08 of 1st period - Shot by Rene Bourque.
12:08 of 1st period - Shot Blocked by Cory Sarich.
12:45 of 1st period - Shot by Ryan Nugent-Hopkins.
12:45 of 1st period - Shot Blocked by Cory Sarich.
12:47 of 1st period - Shot by Mike Richards.
12:47 of 1st period - Stopped by Jonas Hiller without a rebound.
12:48 of 1st period - Mikael Granlund wins face-off versus Tyler Bozak in Sharks zone.
13:02 of 1st period - Dustin Penner is hit by Matt Niskanen and loses puck.
13:15 of 1st period - Shot by Mikael Granlund.
13:15 of 1st period - Stopped by Jonas Hiller without a rebound.
13:16 of 1st period - Rich Peverley wins face-off versus Ryan Nugent-Hopkins in Sharks zone.
13:23 of 1st period - Shot by Tyler Bozak.
13:23 of 1st period - Deflect By Rich Peverley.
13:23 of 1st period - Stopped by Steve Mason without a rebound.
13:24 of 1st period - Ryan Nugent-Hopkins wins face-off versus Andrew Shaw in Kings zone.
13:52 of 1st period - Drew Stafford is hit by Sean Monahan and loses puck.
14:49 of 1st period - Robyn Regehr is hit by Tyler Bozak and loses puck.
15:02 of 1st period - Shot by Tyler Bozak.
15:02 of 1st period - Stopped by Steve Mason with a rebound.
15:04 of 1st period - Shot by Matt Niskanen.
15:04 of 1st period - Stopped by Steve Mason without a rebound.
15:05 of 1st period - Mikael Granlund wins face-off versus Matt Beleskey in Kings zone.
15:13 of 1st period - Icing by Brett Bellemore.
15:14 of 1st period - Matt Beleskey wins face-off versus Mikael Granlund in Sharks zone.
15:14 of 1st period - Matt Beleskey is hit by Dustin Penner.
15:37 of 1st period - Shot by Brian Gionta.
15:37 of 1st period - Goal by Brian Gionta - Sharks : 0 - Kings : 1.
15:38 of 1st period - Rich Peverley wins face-off versus Ryan Nugent-Hopkins in neutral zone.
15:45 of 1st period - Shot by Tyler Bozak.
15:45 of 1st period - Shot Misses the Net.
15:47 of 1st period - Shot by Vyacheslav Voynov.
15:47 of 1st period - Shot Blocked by Tobias Enstrom.
16:05 of 1st period - Matt Niskanen is hit by Sean Monahan and loses puck.
16:20 of 1st period - Shot by Ryan Nugent-Hopkins.
16:20 of 1st period - Deflect By Sean Monahan.
16:20 of 1st period - Stopped by Jonas Hiller without a rebound.
16:21 of 1st period - Mikael Granlund wins face-off versus Jannik Hansen in Sharks zone.
16:21 of 1st period - Mikael Granlund is hit by Cory Sarich.
16:47 of 1st period - Rob Klinkhammer is hit by Brian Gionta and loses puck.
17:07 of 1st period - Mikael Granlund is hit by Matt Beleskey.
17:20 of 1st period - Rob Klinkhammer is hit by Deryk Engelland and loses puck.
17:33 of 1st period - Shot by Tyler Bozak.
17:33 of 1st period - Goal by Tyler Bozak - Sharks : 1 - Kings : 1.
17:34 of 1st period - Tyler Bozak wins face-off versus Sean Monahan in neutral zone.
18:17 of 1st period - Shot by Tobias Enstrom.
18:17 of 1st period - Shot Blocked by Vyacheslav Voynov.
19:02 of 1st period - Shot by Chris Butler.
19:02 of 1st period - Stopped by Steve Mason without a rebound.
19:03 of 1st period - Ryan Smyth wins face-off versus Matt Beleskey in Kings zone.
19:03 of 1st period - Ryan Smyth is hit by Matt Beleskey.
19:10 of 1st period - Icing by Mikhail Grabovski.
19:11 of 1st period - Mikhail Grabovski wins face-off versus Matt Beleskey in Kings zone.
19:11 of 1st period - Mikhail Grabovski is hit by Matt Beleskey.
19:25 of 1st period - Shot by Mikhail Grabovski.
19:25 of 1st period - Stopped by Jonas Hiller without a rebound.
19:26 of 1st period - Tyler Bozak wins face-off versus Mikael Granlund in Sharks zone.
Goals for this period are 1 for Sharks vs 1 for Kings.
Shots for this period are 13 for Sharks vs 7 for Kings.

2nd period


0:01 of 2nd period - Ryan Nugent-Hopkins wins face-off versus Tyler Bozak in neutral zone.
0:26 of 2nd period - Shot by Vyacheslav Voynov.
0:26 of 2nd period - Shot Misses the Net.
1:07 of 2nd period - Brett Bellemore is hit by Mike Richards and loses puck.
1:42 of 2nd period - Chris Butler is hit by Rene Bourque.
2:46 of 2nd period - Shot by Mikael Granlund.
2:46 of 2nd period - Shot Blocked by Drew Stafford.
2:49 of 2nd period - Minor Penalty to Dustin Penner for Interference.
2:50 of 2nd period - Rich Peverley wins face-off versus Michal Handzus in Kings zone.
2:53 of 2nd period - Shot by Vyacheslav Voynov.
2:53 of 2nd period - Stopped by Steve Mason without a rebound.
2:54 of 2nd period - Michal Handzus wins face-off versus Rich Peverley in Kings zone.
3:21 of 2nd period - Shot by Matt Niskanen.
3:21 of 2nd period - Shot Misses the Net.
5:04 of 2nd period - Icing by Robert Bortuzzo.
5:05 of 2nd period - Ryan Nugent-Hopkins wins face-off versus Martin Havlat in Sharks zone.
5:38 of 2nd period - Shot by Mike Richards.
5:38 of 2nd period - Stopped by Jonas Hiller without a rebound.
5:39 of 2nd period - Drew Stafford wins face-off versus Mikael Granlund in Sharks zone.
5:46 of 2nd period - Robyn Regehr is hit by Kyle Turris and loses puck.
5:57 of 2nd period - Shot by Kyle Turris.
5:57 of 2nd period - Deflect By Tyler Bozak.
5:57 of 2nd period - Shot Blocked by Dustin Penner.
5:59 of 2nd period - Shot by Kyle Turris.
5:59 of 2nd period - Stopped by Steve Mason with a rebound.
6:01 of 2nd period - Shot by Drew Stafford.
6:01 of 2nd period - Stopped by Steve Mason without a rebound.
6:02 of 2nd period - Andrew Shaw wins face-off versus Michal Handzus in Kings zone.
7:34 of 2nd period - Shot by Ryan Nugent-Hopkins.
7:34 of 2nd period - Stopped by Jonas Hiller without a rebound.
7:35 of 2nd period - Mikael Granlund wins face-off versus Matt Beleskey in Sharks zone.
7:40 of 2nd period - Shot by Dustin Penner.
7:40 of 2nd period - Shot Misses the Net.
7:46 of 2nd period - Shot by Dustin Penner.
7:46 of 2nd period - Stopped by Jonas Hiller without a rebound.
7:47 of 2nd period - Matt Beleskey wins face-off versus Mikhail Grabovski in Sharks zone.
7:52 of 2nd period - Shot by Jannik Hansen.
7:52 of 2nd period - Deflect By Rob Klinkhammer.
7:52 of 2nd period - Stopped by Steve Mason without a rebound.
7:53 of 2nd period - Mikael Granlund wins face-off versus Andrew Shaw in Kings zone.
7:55 of 2nd period - Icing by Brian Gionta.
7:56 of 2nd period - Mikael Granlund wins face-off versus Tyler Bozak in Kings zone.
7:58 of 2nd period - Kris Letang is hit by Kyle Turris and loses puck.
8:11 of 2nd period - Shot by Kyle Turris.
8:11 of 2nd period - Shot Misses the Net.
8:13 of 2nd period - Shot by Drew Stafford.
8:13 of 2nd period - Shot Misses the Net.
9:18 of 2nd period - Icing by Brett Bellemore.
9:19 of 2nd period - Mikhail Grabovski wins face-off versus Matt Beleskey in Sharks zone.
9:23 of 2nd period - Mikhail Grabovski is hit by Brett Bellemore and loses puck.
10:00 of 2nd period - Shot by Jamie McBain.
10:00 of 2nd period - Stopped by Jonas Hiller without a rebound.
10:01 of 2nd period - Andrew Shaw wins face-off versus Ryan Nugent-Hopkins in Sharks zone.
10:01 of 2nd period - Andrew Shaw is hit by Ryan Nugent-Hopkins.
10:10 of 2nd period - Icing by Ryan Nugent-Hopkins.
10:11 of 2nd period - Andrew Shaw wins face-off versus Ryan Nugent-Hopkins in Kings zone.
10:12 of 2nd period - Shot by Kyle Turris.
10:12 of 2nd period - Stopped by Steve Mason without a rebound.
10:13 of 2nd period - Tyler Bozak wins face-off versus Ryan Nugent-Hopkins in Kings zone.
10:22 of 2nd period - Shot by Tyler Bozak.
10:22 of 2nd period - Goal by Tyler Bozak - Sharks : 2 - Kings : 1.
10:23 of 2nd period - Mikael Granlund wins face-off versus Tyler Bozak in neutral zone.
10:32 of 2nd period - Shot by Vyacheslav Voynov.
10:32 of 2nd period - Stopped by Steve Mason without a rebound.
10:33 of 2nd period - Tyler Bozak wins face-off versus Ryan Nugent-Hopkins in Kings zone.
10:38 of 2nd period - Shot by Drew Stafford.
10:38 of 2nd period - Stopped by Steve Mason without a rebound.
10:39 of 2nd period - Tyler Bozak wins face-off versus Ryan Nugent-Hopkins in Kings zone.
10:39 of 2nd period - Vyacheslav Voynov is hit by Kris Letang.
10:55 of 2nd period - Off-side.
10:56 of 2nd period - Matt Beleskey wins face-off versus Mikael Granlund in neutral zone.
11:30 of 2nd period - Icing by Tyler Myers.
11:31 of 2nd period - Tyler Bozak wins face-off versus Mikael Granlund in Kings zone.
11:42 of 2nd period - Shot by Dustin Penner.
11:42 of 2nd period - Shot Misses the Net.
13:01 of 2nd period - Mikhail Grabovski is hit by Brett Bellemore and loses puck.
13:48 of 2nd period - Icing by Kyle Quincey.
13:49 of 2nd period - Mikael Granlund wins face-off versus Rich Peverley in Sharks zone.
14:11 of 2nd period - Minor Penalty to Andrew Shaw for Hooking.
14:12 of 2nd period - Tyler Bozak wins face-off versus Ryan Nugent-Hopkins in Sharks zone.
14:21 of 2nd period - Shot by Tyler Myers.
14:21 of 2nd period - Stopped by Jonas Hiller with a rebound.
14:33 of 2nd period - Shot by Kris Letang.
14:33 of 2nd period - Stopped by Jonas Hiller with a rebound.
14:43 of 2nd period - Shot by Kris Letang.
14:43 of 2nd period - Stopped by Jonas Hiller with a rebound.
14:45 of 2nd period - Shot by Tyler Myers.
14:45 of 2nd period - Stopped by Jonas Hiller without a rebound.
14:46 of 2nd period - Rich Peverley wins face-off versus Mikael Granlund in Sharks zone.
14:59 of 2nd period - Shot by Tobias Enstrom.
14:59 of 2nd period - Shot Misses the Net.
15:01 of 2nd period - Shot by Tobias Enstrom.
15:01 of 2nd period - Stopped by Jonas Hiller without a rebound.
15:02 of 2nd period - Tyler Bozak wins face-off versus Ryan Nugent-Hopkins in Sharks zone.
15:02 of 2nd period - Tyler Bozak is hit by Mike Richards.
15:23 of 2nd period - Icing by Mike Richards.
15:24 of 2nd period - Sean Monahan wins face-off versus Tyler Bozak in Kings zone.
16:13 of 2nd period - Shot by Michal Handzus.
16:13 of 2nd period - Shot Misses the Net.
16:15 of 2nd period - Shot by Tyler Myers.
16:15 of 2nd period - Shot Blocked by Chris Butler.
16:17 of 2nd period - Shot by Robyn Regehr.
16:17 of 2nd period - Shot Misses the Net.
16:19 of 2nd period - Shot by Brock Nelson.
16:19 of 2nd period - Shot Blocked by Chris Butler.
16:21 of 2nd period - Shot by Robyn Regehr.
16:21 of 2nd period - Shot Misses the Net.
16:42 of 2nd period - Minor Penalty to Chris Butler for Hooking.
16:43 of 2nd period - Tyler Bozak wins face-off versus Mikael Granlund in Sharks zone.
17:16 of 2nd period - Dustin Penner is hit by Robert Bortuzzo and loses puck.
17:21 of 2nd period - Shot by Kris Letang.
17:21 of 2nd period - Shot Blocked by Robert Bortuzzo.
17:21 of 2nd period - Robert Bortuzzo from Sharks is injured at 17:21 of 2nd period (Strained Right Elbow).
17:22 of 2nd period - Ryan Nugent-Hopkins wins face-off versus Tyler Bozak in Sharks zone.
17:29 of 2nd period - Shot by Sean Monahan.
17:29 of 2nd period - Deflect By Ryan Nugent-Hopkins.
17:29 of 2nd period - Shot Misses the Net.
17:31 of 2nd period - Shot by Mike Richards.
17:31 of 2nd period - Stopped by Jonas Hiller with a rebound.
17:33 of 2nd period - Shot by Ryan Nugent-Hopkins.
17:33 of 2nd period - Goal by Ryan Nugent-Hopkins - Sharks : 2 - Kings : 2.
17:34 of 2nd period - Matt Beleskey wins face-off versus Michal Handzus in neutral zone.
17:45 of 2nd period - Shot by Cory Sarich.
17:45 of 2nd period - Stopped by Steve Mason without a rebound.
17:46 of 2nd period - Rich Peverley wins face-off versus Ryan Nugent-Hopkins in Kings zone.
17:46 of 2nd period - Matt Niskanen is hit by Robyn Regehr and loses puck.
18:18 of 2nd period - Tyler Bozak is hit by Tyler Myers and loses puck.
18:21 of 2nd period - Shot by Rich Peverley.
18:21 of 2nd period - Shot Misses the Net.
18:28 of 2nd period - Tyler Bozak is hit by Robyn Regehr and loses puck.
18:39 of 2nd period - Shot by Kyle Turris.
18:39 of 2nd period - Stopped by Steve Mason with a rebound.
18:41 of 2nd period - Shot by Cory Sarich.
18:41 of 2nd period - Shot Misses the Net.
18:43 of 2nd period - Shot by Brett Bellemore.
18:43 of 2nd period - Stopped by Steve Mason with a rebound.
18:44 of 2nd period - Minor Penalty to Robyn Regehr for High sticking.
18:45 of 2nd period - Michal Handzus wins face-off versus Tyler Bozak in Kings zone.
19:30 of 2nd period - Tyler Myers is hit by Tyler Bozak and loses puck.
Goals for this period are 1 for Sharks vs 1 for Kings.
Shots for this period are 11 for Sharks vs 11 for Kings.

3rd period


0:01 of 3rd period - Michal Handzus wins face-off versus Tyler Bozak in neutral zone.
0:28 of 3rd period - Shot by Matt Niskanen.
0:28 of 3rd period - Shot Blocked by Tyler Myers.
0:59 of 3rd period - Shot by Ryan Nugent-Hopkins.
0:59 of 3rd period - Stopped by Jonas Hiller without a rebound.
1:00 of 3rd period - Matt Beleskey wins face-off versus Rene Bourque in Sharks zone.
1:22 of 3rd period - Matt Beleskey is hit by Kris Letang and loses puck.
1:30 of 3rd period - Matt Beleskey is hit by Kris Letang.
1:36 of 3rd period - Shot by Rob Klinkhammer.
1:36 of 3rd period - Stopped by Steve Mason without a rebound.
1:37 of 3rd period - Tyler Bozak wins face-off versus Ryan Nugent-Hopkins in Kings zone.
1:56 of 3rd period - Shot by Tyler Bozak.
1:56 of 3rd period - Deflect By Kyle Turris.
1:56 of 3rd period - Stopped by Steve Mason without a rebound.
1:57 of 3rd period - Rich Peverley wins face-off versus Mikael Granlund in Kings zone.
2:06 of 3rd period - Shot by Mikael Granlund.
2:06 of 3rd period - Shot Misses the Net.
2:08 of 3rd period - Shot by Mikael Granlund.
2:08 of 3rd period - Goal by Mikael Granlund - Sharks : 2 - Kings : 3.
2:09 of 3rd period - Kyle Turris wins face-off versus Ryan Nugent-Hopkins in neutral zone.
2:12 of 3rd period - Shot by Drew Stafford.
2:12 of 3rd period - Shot Blocked by Kris Letang.
2:22 of 3rd period - Shot by Kyle Turris.
2:22 of 3rd period - Stopped by Steve Mason without a rebound.
2:23 of 3rd period - Rich Peverley wins face-off versus Mikael Granlund in Kings zone.
2:39 of 3rd period - Minor Penalty to Cory Sarich for Hooking.
2:40 of 3rd period - Tyler Bozak wins face-off versus Ryan Nugent-Hopkins in Sharks zone.
2:57 of 3rd period - Shot by Tobias Enstrom.
2:57 of 3rd period - Shot Misses the Net.
2:59 of 3rd period - Shot by Ryan Nugent-Hopkins.
2:59 of 3rd period - Goal by Ryan Nugent-Hopkins - Sharks : 2 - Kings : 4.
3:00 of 3rd period - Mikael Granlund wins face-off versus Matt Beleskey in neutral zone.
3:26 of 3rd period - Icing by Chris Butler.
3:27 of 3rd period - Matt Beleskey wins face-off versus Mike Richards in Sharks zone.
3:27 of 3rd period - Matt Beleskey is hit by Mike Richards.
4:07 of 3rd period - Shot by Ryan Nugent-Hopkins.
4:07 of 3rd period - Deflect By Sean Monahan.
4:07 of 3rd period - Stopped by Jonas Hiller without a rebound.
4:08 of 3rd period - Tyler Bozak wins face-off versus Mikael Granlund in Sharks zone.
5:34 of 3rd period - Shot by Rich Peverley.
5:34 of 3rd period - Shot Misses the Net.
5:36 of 3rd period - Shot by Andrew Shaw.
5:36 of 3rd period - Shot Blocked by Kris Letang.
6:08 of 3rd period - Off-side.
6:09 of 3rd period - Tyler Bozak wins face-off versus Ryan Nugent-Hopkins in neutral zone.
6:26 of 3rd period - Ryan Nugent-Hopkins is hit by Tyler Bozak and loses puck.
6:47 of 3rd period - Shot by Tyler Bozak.
6:47 of 3rd period - Shot Misses the Net.
6:49 of 3rd period - Shot by Drew Stafford.
6:49 of 3rd period - Shot Blocked by Deryk Engelland.
7:28 of 3rd period - Shot by Rob Klinkhammer.
7:28 of 3rd period - Stopped by Steve Mason without a rebound.
7:29 of 3rd period - Rich Peverley wins face-off versus Mikhail Grabovski in Kings zone.
7:32 of 3rd period - Shot by Tyler Bozak.
7:32 of 3rd period - Stopped by Steve Mason with a rebound.
7:36 of 3rd period - Shot by Tyler Bozak.
7:36 of 3rd period - Shot Blocked by Tobias Enstrom.
7:38 of 3rd period - Shot by Cory Sarich.
7:38 of 3rd period - Shot Misses the Net.
7:39 of 3rd period - Minor Penalty to Kris Letang for Roughing.
7:40 of 3rd period - Rich Peverley wins face-off versus Michal Handzus in Kings zone.
7:41 of 3rd period - Shot by Vyacheslav Voynov.
7:41 of 3rd period - Stopped by Steve Mason with a rebound.
8:17 of 3rd period - Shot by Vyacheslav Voynov.
8:17 of 3rd period - Shot Misses the Net.
8:46 of 3rd period - Icing by Kyle Quincey.
8:47 of 3rd period - Mikhail Grabovski wins face-off versus Tyler Bozak in Sharks zone.
9:49 of 3rd period - Icing by Chris Butler.
9:50 of 3rd period - Matt Beleskey wins face-off versus Ryan Nugent-Hopkins in Sharks zone.
10:15 of 3rd period - Tyler Myers is hit by Matt Beleskey.
11:03 of 3rd period - Shot by Rich Peverley.
11:03 of 3rd period - Shot Misses the Net.
11:04 of 3rd period - Minor Penalty to Vyacheslav Voynov for Interference.
11:05 of 3rd period - Mikael Granlund wins face-off versus Tyler Bozak in Sharks zone.
11:20 of 3rd period - Shot by Mikael Granlund.
11:20 of 3rd period - Shot Blocked by Brett Bellemore.
11:22 of 3rd period - Shot by Tobias Enstrom.
11:22 of 3rd period - Stopped by Jonas Hiller without a rebound.
11:23 of 3rd period - Tyler Bozak wins face-off versus Mikael Granlund in Sharks zone.
11:43 of 3rd period - Icing by Tobias Enstrom.
11:44 of 3rd period - Mikael Granlund wins face-off versus Andrew Shaw in Kings zone.
11:53 of 3rd period - Shot by Rene Bourque.
11:53 of 3rd period - Shot Misses the Net.
11:55 of 3rd period - Shot by Tobias Enstrom.
11:55 of 3rd period - Shot Misses the Net.
12:52 of 3rd period - Off-side.
12:53 of 3rd period - Mike Richards wins face-off versus Tyler Bozak in neutral zone.
13:04 of 3rd period - Shot by Ryan Nugent-Hopkins.
13:04 of 3rd period - Shot Misses the Net.
13:06 of 3rd period - Shot by Deryk Engelland.
13:06 of 3rd period - Shot Blocked by Kyle Quincey.
13:08 of 3rd period - Shot by Michal Handzus.
13:08 of 3rd period - Shot Misses the Net.
13:30 of 3rd period - Shot by Michal Handzus.
13:30 of 3rd period - Deflect By J.T. Brown.
13:30 of 3rd period - Stopped by Jonas Hiller without a rebound.
13:31 of 3rd period - Mikhail Grabovski wins face-off versus Andrew Shaw in Sharks zone.
13:37 of 3rd period - Icing by Chris Butler.
13:38 of 3rd period - Andrew Shaw wins face-off versus Mikael Granlund in Sharks zone.
13:49 of 3rd period - Shot by Kyle Turris.
13:49 of 3rd period - Stopped by Steve Mason with a rebound.
13:53 of 3rd period - Shot by Kyle Turris.
13:53 of 3rd period - Shot Misses the Net.
13:55 of 3rd period - Shot by Kyle Turris.
13:55 of 3rd period - Shot Misses the Net.
13:57 of 3rd period - Shot by Chris Butler.
13:57 of 3rd period - Shot Blocked by Kris Letang.
14:12 of 3rd period - Drew Stafford is hit by Kris Letang and loses puck.
14:45 of 3rd period - Shot by Vyacheslav Voynov.
14:45 of 3rd period - Shot Misses the Net.
14:55 of 3rd period - Shot by Ryan Nugent-Hopkins.
14:55 of 3rd period - Stopped by Jonas Hiller without a rebound.
14:56 of 3rd period - Mikhail Grabovski wins face-off versus Matt Beleskey in Sharks zone.
15:02 of 3rd period - Icing by Brett Bellemore.
15:03 of 3rd period - Matt Beleskey wins face-off versus Ryan Nugent-Hopkins in Sharks zone.
15:09 of 3rd period - Robyn Regehr is hit by Brett Bellemore and loses puck.
15:11 of 3rd period - Minor Penalty to Brett Bellemore for Holding.
15:12 of 3rd period - Tyler Bozak wins face-off versus Ryan Nugent-Hopkins in Sharks zone.
15:12 of 3rd period - Tyler Bozak is hit by Ryan Nugent-Hopkins.
15:45 of 3rd period - Kris Letang is hit by David Savard and loses puck.
16:14 of 3rd period - Shot by Tobias Enstrom.
16:14 of 3rd period - Shot Misses the Net.
16:23 of 3rd period - Off-side.
16:24 of 3rd period - Mikael Granlund wins face-off versus Drew Stafford in neutral zone.
17:25 of 3rd period - Shot by J.T. Brown.
17:25 of 3rd period - Stopped by Jonas Hiller with a rebound.
17:35 of 3rd period - Shot by Matt Beleskey.
17:35 of 3rd period - Stopped by Steve Mason with a rebound.
17:58 of 3rd period - Icing by Chris Butler.
17:59 of 3rd period - Matt Beleskey wins face-off versus Ryan Nugent-Hopkins in Sharks zone.
17:59 of 3rd period - Matt Beleskey is hit by Ryan Nugent-Hopkins.
18:37 of 3rd period - Rich Peverley is hit by Robyn Regehr.
18:38 of 3rd period - Minor Penalty to Robyn Regehr for Holding Stick.
18:39 of 3rd period - Tyler Bozak wins face-off versus Michal Handzus in Kings zone.
18:50 of 3rd period - Shot by Vyacheslav Voynov.
18:50 of 3rd period - Deflect By Tyler Bozak.
18:50 of 3rd period - Stopped by Steve Mason without a rebound.
18:51 of 3rd period - Tyler Bozak wins face-off versus Michal Handzus in Kings zone.
19:16 of 3rd period - Shot by Vyacheslav Voynov.
19:16 of 3rd period - Stopped by Steve Mason without a rebound.
19:17 of 3rd period - Rich Peverley wins face-off versus Michal Handzus in Kings zone.
19:56 of 3rd period - Shot by Kyle Quincey.
19:56 of 3rd period - Shot Blocked by Tyler Myers.
19:58 of 3rd period - Shot by Rich Peverley.
19:58 of 3rd period - Shot Misses the Net.
Goals for this period are 0 for Sharks vs 2 for Kings.
Shots for this period are 10 for Sharks vs 8 for Kings.


Output by the SimonT Hockey Simulator (STHS) for Stephane Roy -- Original Page W3C XHTML 1.0 Valid
Hockey Simulator - Hockey Simulation - Hockey Manager